 Dungeon Crawl Stone Soup version 0.19-a0-1815-g4007336 (webtiles) character file.

1533 Amnesiac the Thaumaturge (level 8, -3/52 HPs)
             Began as a Mummy Wizard on Oct 5, 2016.
             Slain by a bullfrog (6 damage)
             ... on level 7 of the Dungeon.
             The game lasted 00:13:54 (6950 turns).

Amnesiac the Thaumaturge (Mummy Wizard)             Turns: 6950, Time: 00:13:55

Health: -3/52      AC:  7    Str: 12    XL:     8   Next: 55%
Magic:  11/22      EV: 12    Int: 18    God:
Gold:   373        SH:  0    Dex: 12    Spells: 6 memorised, 14 levels left

rFire  + . .     SeeInvis .     b - +10 war axe of the Onslaught {vamp, rF+ rN+ Str+2 Stlth-}
rCold  + . .     Gourm    .     a - +2 leather armour {rF+}
rNeg   + + +     Faith    .     (no shield)
rPois  ∞         Spirit   .     u - +1 helmet
rElec  .         Dismiss  .     (no cloak)
rCorr  .         Reflect  .     (no gloves)
MR     +....     Harm     .     (no boots)
Stlth  ..........               (no amulet)
                                (no ring)
                                (no ring)

@: very slightly contaminated
A: no food or potions, fire vulnerability, cold resistance 1, negative energy
resistance 3, torment resistance, unbreathing
a: no special abilities


You were on level 7 of the Dungeon.
You were not hungry.

You visited 2 branches of the dungeon, and saw 8 of its levels.
You also visited: Sewer.

You collected 373 gold pieces.

Inventory:

Hand Weapons
 b - the +10 war axe of the Onslaught (weapon) {vamp, rF+ rN+ Str+2 Stlth-}
   (You found it on level 4 of the Dungeon)

   It inflicts no extra harm, but heals its wielder when it wounds a living foe.
   It affects your strength (+2).
   It protects you from fire.
   It protects you from negative energy.
   It makes you less stealthy.
 d - a +2 short sword of draining
 k - a +0 whip of electrocution
 t - a cursed -1 rapier
Missiles
 e - a throwing net (quivered)
Armour
 a - a +2 leather armour of fire resistance (worn)
 i - a +1 chain mail of fire resistance
 u - a +1 helmet (worn)
Jewellery
 m - an uncursed ring of stealth {unknown}
Wands
 l - a wand of lightning (9/15)
 v - a wand of acid (6/15)
Scrolls
 c - a scroll of enchant weapon
 f - 4 scrolls of recharging
 h - a scroll of enchant armour
 j - 4 scrolls of remove curse
 o - 2 scrolls of blinking
 p - 2 scrolls of fear
 q - a scroll of teleportation
 r - a scroll of magic mapping
 s - a scroll of amnesia
Books
 g - a book of Misfortune

   Spells                             Type                      Level
   a - Confusing Touch                Hexes                        1
   b - Confuse                        Hexes                        3
   c - Gell's Gravitas                Hexes/Translocation          3
   d - Petrify                        Transmutation/Earth          4
   e - Metabolic Englaciation         Hexes/Ice                    5
   f - Yara's Violent Unravelling     Hexes/Transmutation          5
 n - a book of Frost

   Spells                             Type                      Level
   a - Freeze                         Ice                          1
   b - Throw Frost                    Conjuration/Ice              2
   c - Ozocubu's Armour               Charms/Ice                   3
   d - Throw Icicle                   Conjuration/Ice              4
   e - Summon Ice Beast               Ice/Summoning                4


   Skills:
 + Level 2.6 Dodging
 - Level 1.5 Stealth
 - Level 10.0 Spellcasting
 - Level 1.0 Conjurations
 - Level 0.7 Summonings
 - Level 0.7 Translocations


You had 14 spell levels left.
You knew the following spells:

 Your Spells              Type           Power        Failure   Level  Hunger
a - Repel Missiles        Chrm/Air       #.....       17%         2    N/A
b - Blink                 Tloc           N/A          14%         2    N/A
d - Call Imp              Summ           ##......     14%         2    N/A
e - Mephitic Cloud        Conj/Pois/Air  ##......     30%         3    N/A
f - Magic Dart            Conj           ##..         8%          1    N/A
s - Conjure Flame         Conj/Fire      ##......     24%         3    N/A

Dungeon Overview and Level Annotations

Branches:
Dungeon (7/15)             Temple (1/1) D:5

Altars:
Ashenzari
Cheibriados
Dithmenos
Elyvilon
Gozag
Hepliaklqana
Makhleb
Nemelex Xobeh
Qazlal
Ru
Sif Muna
Trog
Uskayaw
Vehumet
Yredelemnul
The Shining One

Shops:
D:5 :

Annotations:
D:6 azzavlup's ghost, novice DrMo
D:7 Duvessa


Innate Abilities, Weirdness & Mutations

You do not eat or drink.
Your flesh is vulnerable to fire.
You are immune to poison.
Your flesh is cold resistant. (rC+)
You are immune to negative energy. (rN+++)
You are immune to unholy pain and torment.
You can survive without breathing.


Message History

The bullfrog hits you but does no damage.
The bullfrog hits you.
Casting: Mephitic Cloud
Confirm with . or Enter, or press ? or * to list all spells.
Aiming: Mephitic Cloud
Press: ? - help, Shift-Dir - straight line, f - orc warrior
Aim: an orc warrior, wielding a mace of crushing and wearing a chain mail You miscast Mephitic Cloud.
A wave of violent energy washes through your body!
* * * LOW HITPOINT WARNING * * *
The bullfrog hits you!
* * * LOW HITPOINT WARNING * * *
Unknown command.
Casting: Mephitic Cloud
Confirm with . or Enter, or press ? or * to list all spells.
Aiming: Mephitic Cloud
Press: ? - help, Shift-Dir - straight line, f/p - orc warrior
Aim: an orc warrior, wielding a mace of crushing and wearing a chain mail You miscast Mephitic Cloud.
Your skin tingles.
The bullfrog hits you.
You die...

##### ... # #.# ##.
#. #@#.. .. . #.
#F#.####.### # ..
#..#o#.#..#.#.#.#
...#..#e#.#..#...#.#
...................
#####.#.#.#..#..)#
................<#
.................#
..[..............#


You could see Duvessa, an orc warrior and a bullfrog.

Vanquished Creatures
  A wyvern (D:5)
  A centaur (D:6)
  An ogre (D:4)
  3 bullfrogs
  A scorpion (D:3)
  3 wights (D:6)
  A crimson imp (D:6)
  A jelly (D:5)
  A hound (D:6)
  A bullfrog skeleton (D:6)
  An orc wizard (D:3)
  An iguana (D:4)
  8 worker ants
  A worker ant zombie (D:6)
  Robin (D:2)
  9 gnolls
  5 river rats (Sewer)
  19 adders
  2 oozes
  An adder zombie (D:5)
  3 worms
  4 leopard geckos
  18 orcs
  6 bats
  7 giant cockroaches
  23 goblins
  14 hobgoblins
  10 jackals
  18 kobolds
  15 ball pythons
  6 frilled lizards
  26 rats
  A fungus (D:4)
213 creatures vanquished.

Vanquished Creatures (others)
  An orc wizard (D:6)
1 creature vanquished.

Grand Total: 214 creatures vanquished

Notes
Turn   | Place    | Note
-------+----------+-------------------------------------------
     0 | D:1      | Amnesiac the Mummy Wizard began the quest for the Orb.
     0 | D:1      | Reached XP level 1. HP: 13/13 MP: 4/4
    93 | D:1      | Reached skill level 1 in Conjurations
   411 | D:1      | Reached XP level 2. HP: 19/19 MP: 0/6
   465 | D:1      | Learned a level 2 spell: Call Imp
  1128 | D:2      | Found a bloodstained altar of Trog.
  1186 | D:2      | Reached XP level 3. HP: 24/24 MP: 5/8
  1191 | D:2      | Learned a level 3 spell: Mephitic Cloud
  1195 | D:2      | Learned a level 3 spell: Conjure Flame
  1306 | D:3      | Reached skill level 4 in Spellcasting
  1364 | D:3      | Found a stormy altar of Qazlal.
  1424 | D:4      | Noticed a scorpion
  1688 | D:4      | Got an ancient war axe
  1690 | D:4      | Identified the +10 war axe of the Onslaught {vamp, rF+ rN+ Str+2 Stlth-} (You found it on level 4 of the Dungeon)
  1698 | D:4      | Reached XP level 4. HP: 29/30 MP: 5/10
  1702 | D:4      | Learned a level 2 spell: Repel Missiles
  1956 | D:4      | Reached skill level 5 in Spellcasting
  1985 | D:4      | Reached XP level 5. HP: 35/35 MP: 8/12
  1991 | D:4      | Learned a level 2 spell: Blink
  2103 | D:4      | Found a shattered altar of Ashenzari.
  2494 | D:4      | Noticed an ogre
  2498 | D:4      | Killed an ogre
  2498 | D:4      | Reached skill level 6 in Spellcasting
  2554 | D:5      | Entered Level 5 of the Dungeon
  2575 | D:5      | Found a staircase to the Ecumenical Temple.
  2583 | D:5      | Found a snail-covered altar of Cheibriados.
  2587 | Temple   | Entered the Ecumenical Temple
  2813 | D:5      | Noticed a wyvern
  2866 | D:5      | Reached XP level 6. HP: 8/41 MP: 8/15
  2896 | D:5      | Found Ohavvuij's Book Boutique.
  3007 | D:5      | Killed a wyvern
  3074 | D:5      | Reached skill level 7 in Spellcasting
  3212 | D:5      | Found a glowing drain.
  3219 | Sewer    | Entered a sewer
  3302 | Sewer    | Reached XP level 7. HP: 46/46 MP: 17/17
  3662 | Sewer    | Reached skill level 8 in Spellcasting
  4355 | D:2      | Noticed Robin
  4363 | D:2      | Killed Robin
  5338 | D:6      | Found a basalt altar of Yredelemnul.
  5347 | D:6      | Reached skill level 9 in Spellcasting
  5347 | D:6      | Reached XP level 8. HP: 32/52 MP: 21/21
  6073 | D:6      | Reached skill level 10 in Spellcasting
  6088 | D:6      | Noticed azzavlup's ghost (novice DrMo)
  6934 | D:7      | Noticed Duvessa
  6950 | D:7      | Slain by a bullfrog

Vault maps used:
D:1:      minmay_arrival_cross
D:2:      lightli_temple_of_fire, uniq_robin
D:3:      first_bread, grunt_qazlal_clouds
D:4:      overflow_temple_1_default, minmay_gold_behind_fungi
D:5:      lemuel_doored_altar, lightli_sewer_entry_pipes, serial_shops,
          nicolae_shop_temple_entry_statues_fountains
D:6:      corexii_shantytown, yredelemnul_altar_generic
D:7:      okawaru_altar_gauntlet_db, hangedman_abyss_or_decor_stabs,
          uniq_duvessa, uniq_joseph, uniq_pikel
Temple:   minmay_temple_curvy_loop
Sewer:    sewer_minmay_w

Skill      XL: |  1  2  3  4  5  6  7  8 |
---------------+-------------------------+-----
Conjurations   | 1 |  1.0
Spellcasting   | 4 5 6 7 9 10 | 10.0
Dodging        | 2 |  2.6
Stealth        | |  1.5
Summonings     | |  0.7
Translocations | |  0.7

Action                   |  1- 3 |  4- 6 |  7- 9 || total
-------------------------+-------+-------+-------++-------
Melee: Unarmed           |    10 |       |       ||    10
       Club              |    13 |       |       ||    13
       War axe           |     5 |    63 |   294 ||   362
 Cast: Magic Dart        |    63 |       |       ||    63
       Mephitic Cloud    |     2 |     6 |     5 ||    13
       Repel Missiles    |       |     1 |     1 ||     2
       Conjure Flame     |       |     1 |       ||     1
       Blink             |       |       |     1 ||     1
  Use: Scroll            |       |       |    15 ||    15
 Stab: Confused          |     1 |       |       ||     1
       Sleeping          |     1 |       |       ||     1
Armor: Robe              |     9 |     7 |    48 ||    64
       Chain mail        |       |       |   151 ||   151
       Leather armour    |       |       |     7 ||     7
Dodge: Dodged            |    32 |    41 |   184 ||   257
       Deflected         |       |       |     8 ||     8
